AoeStats
← kV0t3

Arabia

507828554Analyzed
3v3 RM · 12d ago on Sep 19, 2026· 61m 4s· 6 players
Game mode
Random Map
Map size
Normal (6 player)
Population
200
Speed
Normal
Resources
Standard
Victory
Conquest
Starting age
Dark Age
Ending age
Imperial Age
RankedLock teamsTeams togetherTeam positionsShared explorationLock speedFull tech treeHidden civsTurbo modeCheats
Victory
Defeat
🇩🇪 Portuguese · Germany
1545
+11
🇧🇷 Vietnamese · Brazil
1501
+13
🇺🇸 Aztecs · United States
1346
+19
🇦🇷 Berbers · Argentina
1445
-15
🇦🇷 Spanish · Argentina
1434
-15
🇦🇷 Sicilians · Argentina
1404
-13
ZIZOU
9:21 Loom
11:06 Feudal Age
16:28 Castle Age
15:11 Double-Bit Axe
23:13 Bloodlines
28:17 Horse Collar
28:43 Fletching
33:23 Wheelbarrow
35:09 Bodkin Arrow
39:43 Imperial Age
38:53 Elite Skirmisher
39:38 Thumb Ring
40:05 Thumb Ring
40:33 Bracer
41:40 Conscription
42:07 Bow Saw
42:55 Ballistics
43:16 Padded Archer Armor
45:33 Chemistry
44:50 Leather Archer Armor
45:32 Husbandry
48:12 Ring Archer Armor
47:24 Light Cavalry
49:30 Gold Mining
49:40 Cavalier
52:05 Hand Cart
52:35 Scale Barding Armor
54:08 Forging
54:22 Chain Barding Armor
[@LLNET]ZADBACK
6:18 Loom
8:43 Feudal Age
9:14 Double-Bit Axe
12:24 Horse Collar
18:45 Forging
19:06 Scale Barding Armor
19:45 Town Watch
21:16 Bloodlines
25:31 Castle Age
25:03 Gold Mining
26:14 Husbandry
26:36 Chain Barding Armor
26:27 Bow Saw
31:58 Wheelbarrow
36:12 Hand Cart
40:03 Imperial Age
38:49 Gold Shaft Mining
38:40 Stone Mining
40:08 Iron Casting
40:21 Heavy Plow
41:19 Plate Barding Armor
40:06 Cavalier
41:09 Light Cavalry
43:49 Blast Furnace
44:42 Stone Shaft Mining
48:26 Fletching
49:34 Hussar
50:44 Masonry
50:14 Treadmill Crane
50:33 Bodkin Arrow
53:26 Chemistry
52:28 Padded Archer Armor
kV0t3
0:25 Loom
10:15 Feudal Age
13:35 Horse Collar
18:38 Wheelbarrow
19:48 Scale Mail Armor
22:48 Castle Age
23:17 Double-Bit Axe
23:40 Scale Barding Armor
26:32 Bow Saw
26:34 Bloodlines
26:26 Husbandry
27:46 Town Watch
28:54 Fletching
35:07 Imperial Age
41:40 Gold Mining
41:41 Stone Mining
41:55 Heavy Plow
42:40 First Crusade
43:30 Chain Barding Armor
44:18 Hand Cart
43:59 Light Cavalry
46:10 Forging
46:19 Cavalier
48:19 Chain Mail Armor
48:39 Iron Casting
48:54 Gambesons
49:09 Squires
50:47 Plate Barding Armor
50:34 Bodkin Arrow
51:41 Padded Archer Armor
52:42 Blast Furnace
51:46 Elite Skirmisher
53:55 Pikeman
55:07 Plate Mail Armor
54:39 Halberdier
56:07 Gold Shaft Mining
56:08 Stone Shaft Mining
56:15 Bracer
57:59 Chemistry
57:20 Ballistics
60:35 Leather Archer Armor
60:33 Masonry
Ted Sanders
7:50 Loom
10:27 Feudal Age
12:00 Double-Bit Axe
15:00 Town Watch
17:32 Fletching
19:01 Wheelbarrow
19:36 Padded Archer Armor
22:40 Castle Age
22:39 Horse Collar
22:44 Crossbowman
23:26 Bodkin Arrow
24:13 Bow Saw
25:31 Padded Archer Armor
27:15 Ballistics
32:25 Imperial Age
30:51 Gold Mining
33:05 Hand Cart
33:31 Bracer
35:34 Chemistry
35:55 Arbalester
38:16 Heavy Plow
39:03 Stone Mining
39:50 Conscription
42:42 Gold Shaft Mining
44:33 Leather Archer Armor
45:24 Eagle Warrior
46:06 Scale Mail Armor
47:49 Forging
49:08 Chain Mail Armor
49:29 Iron Casting
49:30 Squires
50:23 Plate Mail Armor
50:52 Elite Eagle Warrior
53:20 Garland Wars
52:27 Pikeman
54:11 Arson
Voxer El Brazilian
6:45 Loom
9:14 Feudal Age
9:51 Double-Bit Axe
21:29 Castle Age
21:42 Bloodlines
21:38 Scale Barding Armor
23:46 Husbandry
26:49 Bow Saw
26:19 Horse Collar
26:32 Gold Mining
30:56 Fletching
33:58 Bodkin Arrow
38:36 Wheelbarrow
42:55 Imperial Age
41:34 Padded Archer Armor
42:09 Hand Cart
41:39 Town Watch
42:31 Leather Archer Armor
42:41 Ballistics
43:38 Bracer
44:24 Thumb Ring
46:04 Chemistry
46:49 Scale Mail Armor
47:22 Ring Archer Armor
47:30 Heavy Plow
48:31 Two-Man Saw
47:36 Heavy Cavalry Archer
48:02 Light Cavalry
49:56 Chain Barding Armor
49:46 Chatras
50:13 Paper Money
51:29 Plate Barding Armor
51:05 Forging
50:42 Elite Battle Elephant
52:08 Crop Rotation
51:29 Stone Mining
51:20 Treadmill Crane
53:44 Iron Casting
56:20 Caravan
Hommi
7:45 Loom
11:32 Feudal Age
16:17 Castle Age
26:11 Town Watch
38:33 Imperial Age
38:07 Double-Bit Axe
42:03 Chemistry
48:50 Conscription
49:28 Arquebus
51:10 Cavalier
52:22 Bow Saw
52:24 Scale Barding Armor
52:51 Bloodlines
52:42 Husbandry
54:02 Chain Barding Armor
53:52 Forging
56:00 Plate Barding Armor
56:52 Iron Casting
57:18 Light Cavalry
61:55 Blast Furnace
Connection lost

Rejoining the realm…

Still unreachable

The connection could not be restored.

Session expired

The server has moved on; the page needs a fresh start.